AoeStats
← jaysaunders2504

Arena

507691854Analyzed
4v4 RM · 12d ago on Sep 19, 2026· 57m 49s· 8 players
Game mode
Random Map
Map size
Large (8 player)
Population
200
Speed
Normal
Resources
Standard
Victory
Conquest
Starting age
Dark Age
Ending age
Imperial Age
RankedLock teamsTeams togetherTeam positionsShared explorationLock speedFull tech treeHidden civsTurbo modeCheats
Victory
Defeat
🇨🇳 Poles · China
864
+12
🇫🇮 Bulgarians · Finland
857
+12
🇭🇷 Khmer · Croatia
843
+13
🇹🇼 Mongols · Taiwan
757
+17
🇲🇽 Georgians · Mexico
802
-14
🇹🇷 Turks · Türkiye
785
-14
🇦🇹 Spanish · Austria
762
-13
🇬🇧 Japanese · United Kingdom
751
-13
ostiinn
0:29 Loom
13:47 Feudal Age
14:38 Horse Collar
18:25 Castle Age
16:53 Double-Bit Axe
18:20 Wheelbarrow
19:42 Bow Saw
19:39 Heavy Plow
31:41 Imperial Age
31:02 Forging
31:05 Scale Barding Armor
31:48 Hand Cart
31:56 Elite Monaspa
33:23 Bloodlines
34:56 Conscription
36:30 Chemistry
40:24 Aznauri Cavalry
Kitty With A Relic
11:03 Feudal Age
13:52 Loom
17:03 Castle Age
15:44 Double-Bit Axe
29:34 Wheelbarrow
28:45 Town Watch
29:12 Bow Saw
28:43 Horse Collar
28:55 Gold Mining
28:56 Stone Mining
34:01 Imperial Age
32:09 Husbandry
32:37 Heavy Plow
33:45 Inquisition
35:12 Conscription
35:15 Supremacy
35:33 Hand Cart
35:19 Town Patrol
36:36 Bloodlines
37:23 Block Printing
39:02 Cavalier
41:11 Two-Man Saw
40:49 Stone Shaft Mining
40:20 Scale Barding Armor
42:15 Chain Barding Armor
42:06 Forging
41:46 Fletching
jaysaunders2504
5:35 Loom
8:01 Loom
11:14 Feudal Age
12:13 Double-Bit Axe
17:05 Fletching
21:48 Castle Age
20:25 Padded Archer Armor
22:57 Bow Saw
22:34 Horse Collar
22:22 Crossbowman
23:07 Gold Mining
26:24 Thumb Ring
27:37 Heavy Plow
30:16 Wheelbarrow
30:24 Squires
30:12 Arson
36:04 Forging
35:58 Scale Mail Armor
38:39 Imperial Age
38:35 Iron Casting
40:45 Gold Shaft Mining
mahirnalbant09
2:35 Loom
11:08 Feudal Age
19:46 Castle Age
17:49 Double-Bit Axe
17:49 Horse Collar
21:16 Bow Saw
23:48 Stone Mining
28:20 Wheelbarrow
28:39 Gold Mining
31:34 Imperial Age
29:22 Hand Cart
32:07 Gold Shaft Mining
32:46 Conscription
33:01 Padded Archer Armor
32:52 Fletching
33:35 Heavy Plow
34:56 Artillery
40:28 Elite Janissary
41:37 Bodkin Arrow
sheya1
10:02 Feudal Age
11:08 Double-Bit Axe
11:39 Loom
14:34 Horse Collar
17:34 Castle Age
16:21 Gold Mining
19:36 Husbandry
20:40 Wheelbarrow
21:22 Bow Saw
23:29 Hand Cart
24:29 Caravan
25:10 Gold Shaft Mining
24:44 Heavy Plow
25:56 Stone Mining
26:41 Forging
27:19 Stone Shaft Mining
27:36 Bloodlines
34:28 Imperial Age
33:06 Town Watch
33:31 Scale Barding Armor
34:02 Iron Casting
34:56 Tusk Swords
38:02 Crop Rotation
39:44 Chain Barding Armor
40:51 Town Patrol
40:31 Elite Battle Elephant
43:58 Double Crossbow
52:03 Chemistry
51:39 Elite Ballista Elephant
55:25 Blast Furnace
55:00 Coinage
56:32 Plate Barding Armor
55:59 Scale Mail Armor
55:52 Fletching
56:03 Padded Archer Armor
57:18 Light Cavalry
57:19 Cavalier
58:34 Leather Archer Armor
高老头子
11:20 Feudal Age
10:57 Loom
12:33 Loom
14:44 Double-Bit Axe
17:29 Castle Age
15:25 Horse Collar
19:32 Bow Saw
20:31 Heavy Plow
21:54 Stone Mining
21:54 Gold Mining
24:44 Wheelbarrow
28:25 Imperial Age
28:17 Scale Barding Armor
28:19 Szlachta Privileges
29:09 Bloodlines
28:59 Husbandry
29:43 Forging
30:23 Conscription
30:37 Cavalier
32:12 Chain Barding Armor
31:49 Light Cavalry
34:17 Hand Cart
36:38 Iron Casting
35:55 Fletching
38:40 Blast Furnace
38:27 Siege Engineers
38:18 Murder Holes
38:49 Bodkin Arrow
39:57 Chemistry
40:21 Ballistics
41:13 Winged Hussar
41:56 Bracer
Uruz_7
9:50 Feudal Age
10:21 Double-Bit Axe
10:54 Loom
17:34 Castle Age
25:32 Elite Skirmisher
26:19 Thumb Ring
30:22 Fletching
34:15 Imperial Age
32:42 Caravan
34:08 Wheelbarrow
35:10 Bodkin Arrow
35:53 Conscription
37:20 Husbandry
36:44 Heavy Camel Rider
38:49 Husbandry
39:01 Bloodlines
39:38 Ballistics
39:20 Bracer
41:54 Conscription
43:02 Elite Mangudai
44:22 Forging
44:18 Scale Barding Armor
43:58 Elite Steppe Lancer
46:48 Fortified Wall
49:22 Chemistry
52:23 Iron Casting
52:11 Chain Barding Armor
55:36 Blast Furnace
Rcu
10:13 Feudal Age
9:05 Loom
15:02 Castle Age
14:31 Double-Bit Axe
19:21 Horse Collar
27:10 Bow Saw
27:16 Scale Barding Armor
27:14 Scale Mail Armor
28:56 Wheelbarrow
30:59 Hand Cart
31:15 Heavy Plow
32:08 Bloodlines
33:17 Hand Cart
34:23 Chain Barding Armor
34:14 Forging
39:47 Imperial Age
37:37 Chain Mail Armor
37:28 Husbandry
39:09 Iron Casting
39:50 Elite Konnik
42:02 Plate Barding Armor
42:28 Blast Furnace
41:58 Plate Mail Armor
43:01 Bagains
42:52 Pikeman
43:33 Squires
43:20 Gambesons
44:03 Halberdier
45:25 Murder Holes
46:30 Chemistry
45:52 Ballistics
45:44 Masonry
45:39 Siege Engineers
46:25 Crop Rotation
56:36 Cavalier
Connection lost

Rejoining the realm…

Still unreachable

The connection could not be restored.

Session expired

The server has moved on; the page needs a fresh start.